AoeStats
← CrazyBen

Pilgrims

508666400Analyzed
4v4 RM · 9d ago on Sep 23, 2026· 44m 36s· 8 players
Game mode
Random Map
Map size
Large (8 player)
Population
200
Speed
Normal
Resources
Standard
Victory
Conquest
Starting age
Dark Age
Ending age
Imperial Age
RankedLock teamsTeams togetherTeam positionsShared explorationLock speedFull tech treeHidden civsTurbo modeCheats
Victory
Defeat
🇬🇧 Danes · United Kingdom
1474
+15
🇨🇳 Spanish · China
1465
+15
🇨🇴 Vietnamese · Colombia
1455
+15
🇹🇼 Sicilians · Taiwan
1389
+19
🇫🇷 Goths · France
1484
-18
🇨🇿 Persians · Czechia
1471
-17
🇩🇪 Berbers · Germany
1425
-15
🇩🇪 Sicilians · Germany
1385
-14
Pxlgun
7:12 Loom
11:42 Feudal Age
13:14 Horse Collar
13:22 Double-Bit Axe
20:09 Castle Age
18:16 Fishing Lines
19:25 Scale Mail Armor
19:43 Stone Mining
20:53 Forging
21:05 Medium Warships
21:27 Bow Saw
24:33 Heavy Plow
30:12 Wheelbarrow
29:22 Town Watch
32:26 Fletching
34:14 Gold Mining
34:56 Chain Mail Armor
38:49 Imperial Age
36:52 Masonry
37:20 Bodkin Arrow
38:01 Iron Casting
38:05 Hand Cart
40:46 Blast Furnace
40:06 Elite Skirmisher
43:06 Ballistics
44:26 Bracer
CrazyBen
4:00 Loom
12:54 Feudal Age
13:07 Man-at-Arms
18:14 Castle Age
18:29 Stone Mining
18:26 Double-Bit Axe
19:17 Scale Mail Armor
21:42 Chain Mail Armor
36:56 Sanctity
41:13 Wheelbarrow
Fanume
5:24 Loom
11:20 Feudal Age
12:22 Double-Bit Axe
13:00 Fishing Lines
14:43 Wheelbarrow
13:54 Town Watch
17:10 Castle Age
14:57 Town Watch
16:25 Fletching
17:56 Stone Mining
18:18 Bow Saw
18:29 Medium Warships
19:31 Forging
22:18 Horse Collar
22:30 Gold Mining
29:40 Bodkin Arrow
31:27 Guard Tower
32:23 Ballistics
34:14 Heavy Plow
34:36 Hand Cart
38:06 Imperial Age
35:41 Heated Shot
36:09 Kasbah
37:43 Padded Archer Armor
38:55 Leather Archer Armor
38:59 Bracer
40:05 Chemistry
40:11 Conscription
39:57 Arrowslits
40:35 Squires
40:20 Arson
41:08 Ring Archer Armor
40:38 Scale Mail Armor
41:14 Iron Casting
41:35 Illumination
DetectiveYemitoShumafuk
3:17 Loom
23:13 Feudal Age
27:15 Castle Age
26:13 Double-Bit Axe
27:15 Gold Mining
31:15 Imperial Age
29:00 Bloodlines
28:51 Husbandry
29:04 Scale Barding Armor
29:09 Forging
29:45 Bow Saw
31:21 Stone Mining
33:33 Chain Barding Armor
Chigüiro
4:44 Loom
11:55 Feudal Age
14:18 Double-Bit Axe
15:53 Fletching
17:11 Town Watch
20:05 Castle Age
19:22 Forging
20:38 Bloodlines
21:13 Scale Barding Armor
21:44 Crossbowman
24:47 Chain Barding Armor
25:00 Fishing Lines
29:17 Bodkin Arrow
36:59 Imperial Age
35:44 Husbandry
36:25 Chatras
39:10 Plate Barding Armor
rizz
4:03 Loom
5:58 Loom
6:59 Loom
15:39 Feudal Age
16:20 Fishing Lines
18:04 Double-Bit Axe
24:24 Castle Age
22:49 Stone Mining
25:03 Gillnets
28:34 Bow Saw
31:49 Imperial Age
29:51 Pikeman
31:04 Gold Mining
32:05 Scale Mail Armor
33:48 Wheelbarrow
35:23 Hand Cart
35:59 Forging
41:56 Fletching
44:06 Iron Casting
43:28 Town Watch
Ren
9:19 Loom
11:36 Feudal Age
15:08 Castle Age
13:19 Double-Bit Axe
13:43 Gold Mining
15:36 Wheelbarrow
16:12 Bow Saw
16:16 Fletching
16:56 Bodkin Arrow
22:34 Horse Collar
23:15 Padded Archer Armor
27:00 Hand Cart
27:25 Bloodlines
27:27 Heavy Plow
27:43 Husbandry
32:56 Imperial Age
30:13 Town Watch
31:20 Leather Archer Armor
31:16 Forging
31:48 Scale Barding Armor
32:20 Stone Mining
32:58 Capped Ram
34:00 Conscription
33:20 Cavalier
34:24 Bracer
35:16 Chain Barding Armor
35:56 Iron Casting
36:20 Ring Archer Armor
35:24 Light Cavalry
37:01 Plate Barding Armor
38:24 Blast Furnace
38:29 Hussar
40:12 Supremacy
42:28 Chemistry
41:50 Ballistics
43:02 Two-Man Saw
43:08 Elite Conquistador
chengyenfa
8:48 Loom
12:13 Feudal Age
13:10 Double-Bit Axe
13:42 Town Watch
15:54 Forging
18:03 Fishing Lines
22:46 Castle Age
21:42 Gold Mining
23:14 Wheelbarrow
22:24 Horse Collar
23:55 Medium Warships
23:37 Gillnets
24:28 Iron Casting
24:08 Bow Saw
31:28 Imperial Age
30:04 Bloodlines
29:55 Husbandry
30:01 Scale Barding Armor
30:22 Ballistics
31:06 Hand Cart
32:14 Chain Barding Armor
32:11 Stone Mining
32:56 Gold Shaft Mining
33:31 Plate Barding Armor
34:40 Blast Furnace
33:02 Cavalier
35:50 Fletching
37:03 Chemistry
36:14 Masonry
37:02 Clinker Construction
38:38 Conscription
40:32 Bodkin Arrow
40:53 Heavy Plow
43:23 Hauberk
43:53 Hoardings
Connection lost

Rejoining the realm…

Still unreachable

The connection could not be restored.

Session expired

The server has moved on; the page needs a fresh start.